 Dungeon Crawl Stone Soup version 0.20-a0-454-g2b43fbb (webtiles) character file.

479 tsouns the Chopper (level 7, 0/66 HPs)
             Began as a Naga Fighter on Jan 10, 2017.
             Was an Initiate of Cheibriados.
             Slain by a wight
             ... wielding a cursed +0 spear
              (1 damage)
             ... on level 6 of the Dungeon.
             The game lasted 00:07:07 (3057 turns).

tsouns the Chopper (Naga Fighter)                   Turns: 3057, Time: 00:07:08

Health: 0/66       AC:  6    Str: 20    XL:     7   Next: 11%
Magic:  7/7        EV:  9    Int: 11    God:    Cheibriados [......]
Gold:   208        SH:  9    Dex: 16    Spells: 6/6 levels left

rFire  . . .     SeeInvis +     a - +0 war axe
rCold  . . .     Gourm    .     b - +0 scale mail
rNeg   . . .     Faith    .     c - +1 shield
rPois  +         Spirit   .     (no helmet)
rElec  .         Reflect  .     g - +0 cloak
rCorr  .         Harm     .     (no gloves)
MR     .....                    (no barding)
Stlth  +.........               (no amulet)
                                (no ring)
                                (no ring)

@: agile, very heavily drained, very slow
A: see invisible, deformed body, poison resistance, slowness 2, slow metabolism
1, spit poison 1, AC +2
a: Spit Poison, Bend Time, Renounce Religion


You were on level 6 of the Dungeon.
You worshipped Cheibriados.
Cheibriados was noncommittal.
You were hungry.

You visited 1 branch of the dungeon, and saw 5 of its levels.

You collected 208 gold pieces.

Inventory:

Hand Weapons
 a - a +0 war axe (weapon)
Missiles
 j - 3 tomahawks
 m - 18 stones (quivered)
Armour
 b - a +0 scale mail (worn)
 c - a +1 shield (worn)
 g - a +0 cloak (worn)
Scrolls
 e - 5 scrolls of teleportation
Comestibles
 f - 3 bread rations
 h - a slice of pizza
 k - 3 fruits
 l - 4 chunks of flesh


   Skills:
 - Level 4.6(0.7) Fighting
 * Level 6.1(2.1) Axes
 - Level 2.4(0.0) Armour
 + Level 3.0(0.0) Shields


You had 6 spell levels left.
You didn't know any spells.

Dungeon Overview and Level Annotations

Branches:
Dungeon (4/15)
 Temple: D:4-7

Altars:
Cheibriados
Okawaru
Yredelemnul
Zin


Innate Abilities, Weirdness & Mutations

You cannot wear boots.
Your serpentine skin is tough. (AC +2)
You have supernaturally acute eyesight. (SInv)
Armour fits poorly on your strangely shaped body.
Your system is resistant to poisons. (rPois)
You cover ground very slowly.
You have a slow metabolism.
You can spit poison.


Message History

The wight is heavily damaged.
You block the wight's attack.
You closely miss the wight.
The wight is heavily damaged.
The wight misses you. The wight hits you but does no damage.
You barely miss the wight.
The wight is heavily damaged.
The wight hits you with a spear!
* * * LOW HITPOINT WARNING * * *
You feel drained.
* * * LOW HITPOINT WARNING * * *
You closely miss the wight.
The wight is heavily damaged.
You block the wight's attack.
You hit the wight.
The wight is severely damaged.
The wight barely misses you. The wight hits you with a spear.
* * * LOW HITPOINT WARNING * * *
You feel drained.
You die...

##..###.#....#.#.#.# ..#
......#.#....#.#.#.# ..#
....#.#.#....#.#.#.# ...#
##..#.#.#....#.#.#.# ...#
##..#.#.##.#.#.#.#.##...###
##..#......................
.......................#
.#..#..|####.#.#)._.#.###
................@).........
..[............z........###
.#..#..#######.#รท..##...#
................$..# .$.#
.#...........#.#...# ...#
..................... ....
.............#.#...##.#.##
###.#....###.#.#...# # ..
....... . z.....#


You could see a wight.

Vanquished Creatures
  A bullfrog (D:6)
  3 wights (D:6)
  Crazy Yiuf (D:3)
  Jessica (D:2)
  Ijyb (D:3)
  A worker ant (D:4)
  8 adders
  A shadow imp (D:6)
  3 oozes
  2 worms (D:2)
  A dart slug (D:1)
  4 leopard geckos
  10 orcs (D:3)
  3 giant cockroaches
  6 goblins
  8 hobgoblins
  12 kobolds
  2 quokkas
  11 bats
  2 frilled lizards (D:2)
  8 rats
89 creatures vanquished.

Notes
Turn   | Place    | Note
-------+----------+-------------------------------------------
     0 | D:1      | tsouns the Naga Fighter began the quest for the Orb.
     0 | D:1      | Reached XP level 1. HP: 21/21 MP: 1/1
    95 | D:1      | Reached XP level 2. HP: 22/28 MP: 2/2
   498 | D:1      | Reached skill level 3 in Axes
   680 | D:1      | Reached XP level 3. HP: 33/34 MP: 3/3
   747 | D:2      | Found an iron altar of Okawaru.
   751 | D:2      | Found a basalt altar of Yredelemnul.
  1034 | D:2      | Reached XP level 4. HP: 34/43 MP: 4/4
  1344 | D:2      | Found a glowing silver altar of Zin.
  1534 | D:2      | Reached skill level 4 in Axes
  1594 | D:2      | Reached XP level 5. HP: 37/50 MP: 5/5
  1639 | D:2      | Noticed Jessica
  1647 | D:2      | Killed Jessica
  2103 | D:3      | Noticed Ijyb
  2114 | D:3      | Killed Ijyb
  2555 | D:3      | Found a runed door.
  2560 | D:3      | Noticed Crazy Yiuf
  2565 | D:3      | Killed Crazy Yiuf
  2565 | D:3      | Reached skill level 5 in Axes
  2565 | D:3      | Reached XP level 6. HP: 31/58 MP: 6/6
  2960 | D:4      | You fall through a shaft for 2 floors!
  2983 | D:6      | Found a snail-covered altar of Cheibriados.
  2991 | D:6      | Became a worshipper of Cheibriados the Contemplative
  3033 | D:6      | Reached skill level 6 in Axes
  3033 | D:6      | Reached XP level 7. HP: 22/66 MP: 7/7
  3040 | D:6      | HP: 3/66 [wight/spear (5)]
  3040 | D:6      | HP: 1/66 [wight/spear (2)]
  3055 | D:6      | HP: 2/66 [wight/spear (3)]
  3057 | D:6      | Slain by a wight

Vault maps used:
D:1:      dpeg_arrival_erosion
D:2:      grunt_temple_overflow_open, marbit_many_paths, uniq_jessica
D:3:      uniq_iyjb, uniq_crazy_yiuf_cottage
D:4:      first_bread, uniq_duvessa
D:6:      cheibriados_altar_1

Skill      XL: |  1  2  3  4  5  6  7 |
---------------+----------------------+-----
Axes           | 3 4 5 6 |  6.1
Fighting       | 4 |  4.6
Shields        | 3 |  3.0
Armour         | |  2.4

Action                   |  1- 3 |  4- 6 |  7- 9 || total
-------------------------+-------+-------+-------++-------
Melee: War axe           |    86 |   184 |    19 ||   289
Throw: Stone             |       |     2 |       ||     2
  Use: Scroll            |       |     8 |       ||     8
       Potion            |       |     3 |     4 ||     7
  Eat: Chunk             |       |     4 |       ||     4
       Beef jerky        |       |     1 |       ||     1
Armor: Scale mail        |    46 |    86 |     5 ||   137
Dodge: Dodged            |    25 |    44 |    12 ||    81
Block: Shield            |    47 |    96 |    16 ||   159
